 Dungeon Crawl Stone Soup version 0.31-a0-799-g6bc09d010c (webtiles) character file.

Game seed: 16949619904899512522

20 GordonOverkill the Sneak (level 2, 0/19 HPs)
             Began as a Deep Elf Delver on Sept 19, 2023.
             Was an Initiate of Sif Muna.
             Slain by an adder (3 damage)
             ... on level 3 of the Dungeon.
             The game lasted 00:01:43 (522 turns).

GordonOverkill the Sneak (Deep Elf Delver)           Turns: 522, Time: 00:01:43

Health: 0/19       AC:  2    Str:  9    XL:     2   Next: 58%
Magic:  6/6        EV: 12    Int: 14    God:    Sif Muna [......]
Gold:   49         SH:  0    Dex: 16    Spells: 4/4 levels left

rFire   . . .        a - +0 short sword
rCold   . . .        (no shield)
rNeg    . . .        k - +0 robe
rPois   .            (no helmet)
rElec   .            (no cloak)
rCorr   .            (no gloves)
SInv    .            (no boots)
Will    +....        (no amulet)
Stlth   +++          (no ring)
HPRegen 0.23/turn    (no ring)
MPRegen 0.10/turn

%: no passive effects
@: lethally poisoned (0 -> -5), enlightened, flying
A: no striking features
a: Renounce Religion


You were on level 3 of the Dungeon.
You worshipped Sif Muna.
Sif Muna was noncommittal.
You visited 2 branches of the dungeon, and saw 5 of its levels.

You collected 49 gold pieces.

Inventory:

Hand Weapons
 a - a +0 short sword (weapon)
Missiles
 i - 6 datura-tipped darts (quivered)
Armour
 b - a +0 leather armour
 k - a +0 robe (worn)
Talismans
 l - a serpent talisman
Wands
 g - a wand of digging (1)
Scrolls
 c - a scroll of fog
 d - a scroll of revelation
 e - a scroll of fear
 h - 2 scrolls of teleportation {unknown}
 j - a scroll of enchant armour {unknown}
 m - a scroll of blinking {unknown}
 n - a scroll of identify {unknown}
Potions
 f - a potion of haste
 o - a potion of enlightenment


   Skills:
 - Level 3.0 Fighting
 - Level 2.0 Short Blades
 - Level 2.4 Dodging
 - Level 6.0 Stealth
 + Level 1.8 Spellcasting


You had 4 spell levels left.
You didn't know any spells.
Your spell library was empty.

Dungeon Overview and Level Annotations

Branches:
Dungeon (6/15)             Temple (1/1) D:4

Altars:
Ashenzari
Dithmenos
Gozag
Hepliaklqana
Makhleb
Nemelex Xobeh
Qazlal
Sif Muna
Trog
Uskayaw
Wu Jian
Xom
Yredelemnul
Zin
The Shining One

Annotations:
D:5 exclusion: ogre


Message History

You start resting.
Magic restored.
You start resting.
HP restored.
The adder hisses angrily.
You closely miss the adder. The adder closely misses you.
You hit the adder.
The adder is moderately wounded.
The adder bites you.
You miss the adder.
The adder is moderately wounded.
The adder bites you.
You are poisoned.
The adder poisons you!
You closely miss the adder.
The adder is moderately wounded.
You feel sick. The adder bites you.
* * * LOW HITPOINT WARNING * * *
The adder closely misses you.
You hit the adder but do no damage.
The adder is lightly wounded.
You feel sick. The adder bites you.
* * * LOW HITPOINT WARNING * * *
You are lethally poisoned!
The adder poisons you!
You hit the adder but do no damage.
The adder is lightly wounded.
* * * LOW HITPOINT WARNING * * *
You feel sick. The adder bites you but does no damage.
You closely miss the adder.
The adder is lightly wounded.
* * * LOW HITPOINT WARNING * * *
You feel sick. The adder bites you.
* * * LOW HITPOINT WARNING * * *
It was a potion of enlightenment.
You feel very buoyant.
You fly up into the air.
* * * LOW HITPOINT WARNING * * *
You feel sick. The adder bites you.
You die...

##### #...# #...#
########...#
..S....>...#
########...#
##...#
############..###
......S@.....##
############.#
..# .#.# ###..
... ..≈. #...


You could see an adder.

Vanquished Creatures
  An adder (D:3)
  An ufetubus (D:5)
  2 orcs
  A giant cockroach (D:4)
5 creatures vanquished.

Notes
Turn   | Place    | Note
-------+----------+-------------------------------------------
     0 | D:5      | GordonOverkill the Deep Elf Delver began the quest for the
                  | Orb.
     0 | D:5      | Reached XP level 1. HP: 13/13 MP: 3/3
     7 | D:6      | Noticed a bullfrog
   132 | D:5      | Noticed an ogre
   222 | D:4      | Reached XP level 2. HP: 19/19 MP: 4/4
   233 | D:4      | Found a staircase to the Ecumenical Temple.
   243 | Temple   | Entered the Ecumenical Temple
   255 | Temple   | Became a worshipper of Sif Muna the Loreminder
   466 | D:3      | Reached skill level 1 in Spellcasting
   522 | D:3      | Slain by an adder

Illustrated notes

Levels and vault maps discovered:
D:3:      layout_rooms, mainiacjoe_overflow_tiny_flanked, lemuel_tele_altar,
          serial_glass, glass_columns_a, glass_columns_a, minmay_snake_closets
D:4:      layout_loops_corners, minmay_temple_entry_poolview,
          grunt_decor_clamped
D:5:      layout_cave_pods, ebering_ghost_sewer_d
D:6:      layout_basic, jmf_multi_god_temple, minivault_14
Temple:   eino_wide_crystal_templ

Skill      XL: |  1  2 |
---------------+-------+-----
Fighting       | 3 |  3.0
Spellcasting   | 1 |  1.8
Short Blades   | |  2.0
Dodging        | |  2.4
Stealth        | |  6.0

Action                     || total
---------------------------++-------
  Melee: Short sword       ||    20
         Punch             ||     1
  Evoke: Wand              ||     2
    Use: Potion            ||     1
   Stab: Sleeping          ||     2
         Distracted        ||     1
 Armour: Leather armour    ||     1
         Robe              ||    13
  Dodge: Dodged            ||     4

Table legend: (Time is in decaauts)
 A = Elapsed time spent in this place.
 B = Non-inter-level travel time spent in this place.
 C = Inter-level travel time spent in this place.
 D = Time resting spent in this place.
 E = Time spent auto-exploring this place.
 F = Levels seen in this place.
 G = Mean time per level.
                   A        B        C        D        E       F      G
               +--------+--------+--------+--------+--------+-----+--------+
         Total |    520 |    502 |     18 |     67 |    204 |   5 |  104.0 |
       Dungeon |    495 |    495 |      0 |     67 |    204 |   4 |  123.8 |
        Temple |     24 |      6 |     18 |      0 |      0 |   1 |   24.0 |
               +--------+--------+--------+--------+--------+-----+--------+

Top non-repeatable levels by time:
     D:4: 208 daAuts
     D:5: 205 daAuts
     D:3: 72 daAuts
  Temple: 24 daAuts
     D:6: 9 daAuts
